Description

An updated way of playing the mub

VOD

https://www.youtube.com/watch?v=B-6JoP6oi_4&t=66s

Replay - Marine First Mine Drop

Build Order

Get SALT Encoding   

  12  0:00  SCV  
  13  0:12  SCV  
  14  0:17  Supply Depot  
  14  0:25  SCV  
  15  0:39  SCV  
  15  0:40  Barracks  
  16  0:43  Refinery  
  16  0:51  SCV  
  17  1:03  SCV  
  18  1:15  SCV  
  19  1:27  Marine  
  19  1:28  Orbital Command  
  20  1:41  Command Center  
  20  1:46  Barracks Reactor  
  21  1:54  SCV  
  21  1:56  Supply Depot  
  21  2:06  SCV  
  22  2:09  Factory  
  22  2:18  SCV  
  22  2:21  Marine x2  
  25  2:26  Bunker  
  25  2:31  Refinery  
  26  2:39  Marine x2  
  29  2:53  Orbital Command  
  29  2:57  Starport  
  30  3:02  Widow Mine  
  30  3:04  Marine  
  33  3:11  Marine  
  36  3:20  Supply Depot  
  36  3:22  Marine  
  36  3:26  Widow Mine  
  40  3:29  Marine  
  43  3:36  Medivac  
  45  3:45  Barracks  
  47  3:51  Barracks  
  47  3:54  Marine  
  49  3:59  Supply Depot  
  51  4:04  Factory Tech Lab  
  51  4:06  Starport Tech Lab  
  54  4:22  Supply Depot  
  55  4:27  Engineering Bay  
  60  4:38  Stimpack  
  64  4:54  Terran Infantry Weapons Level 1, Refinery  
  64  4:57  Starport Reactor  
  64  4:58  Factory Reactor  
  66  5:08  Combat Shield  
  66  5:12  Marauder x2  
  74  5:32  Refinery  
  74  5:33  Marauder  
  77  5:42  Marauder, Medivac x2, Widow Mine x2  
  89  5:55  Marauder  
  91  6:04  Marauder  
  93  6:11  Command Center  
  94  6:12  Medivac x2  
  94  6:17  Widow Mine x2  
  94  6:18  Marauder  
  105  6:19  Concussive Shells  
  105  6:29  Marauder  
  109  6:33  Barracks x2  
  113  6:41  Widow Mine x2  
  118  6:53  Terran Infantry Armor Level 1  
  119  6:56  Viking x2  
  122  7:06  Marauder x2  
  131  7:16  Widow Mine x2  
  135  7:24  Barracks Tech Lab  
  135  7:25  Ghost Academy, Barracks Reactor  
  135  7:29  Viking x2  
  142  7:49  Orbital Command  
  144  7:53  Ghost x3  
  151  8:10  Viking x2  
  157  8:14  Bunker  
  177  8:54  Command Center, Armory  
  177  8:55  Engineering Bay  
  181  9:11  Refinery x2  
  181  9:13  Medivac x2  
  194  9:21  Missile Turret x2  
Spawning Tool Build Advisor. Get it on Overwolf

Go to:

Details

  • Created by: driftsc2
  • Published on: Nov 07, 2021
  • Modified on: Nov 07, 2021
  • Patch: 4.11.0
  • Difficulty: Medium
Show
View Real Time Build Order
Export as new Build Order

Comments (0)

There are no comments. Be the first!

Create an account to comment!